 Dungeon Crawl Stone Soup version 0.26.1-10-gdfb7c7de75 (webtiles) character file.

Game seed: 3458160404655770545

122645 Almogavar the Slayer (level 16, -3/167 HPs)
             Began as a Minotaur Berserker on Apr 6, 2021.
             Was the Champion of Trog.
             Blown up by an orb spider (40 damage)
             ... with an orb of destruction
             ... on level 1 of the Spider Nest on Apr 7, 2021.
             The game lasted 01:17:08 (29734 turns).

Almogavar the Slayer (Minotaur Berserker)          Turns: 29734, Time: 01:17:09

Health: -3/167     AC: 22    Str: 28    XL:     16   Next: 35%
Magic:  0/15       EV: 20    Int:  4    God:    Trog [******]
Gold:   2181       SH:  0    Dex: 20    Spells: 15/15 levels left

rFire    + . .     SeeInvis .   a - +6 great sword (vorpal)
rCold    + . .     Faith    .   (shield currently unavailable)
rNeg     . . .     Spirit   +   T - +2 chain mail {rPois}
rPois    +         Reflect  .   x - +1 hat
rElec    .         Harm     .   I - scarf {rC+ rF+}
rCorr    .         Rampage  .   O - +2 pair of gloves {Dex+3}
Will     +....                  E - +1 pair of boots
Stlth    ..........             N - amulet of guardian spirit
HPRegen  0.37/turn              u - +4 ring of evasion
MPRegen  0.14/turn              D - +6 ring of dexterity

@: no status effects
A: retaliatory headbutt, horns 2
a: Renounce Religion, Berserk, Trog's Hand, Brothers in Arms


You were on level 1 of the Spider Nest.
You worshipped Trog.
Trog was exalted by your worship.
You visited 4 branches of the dungeon, and saw 24 of its levels.

You collected 2319 gold pieces.
You spent 138 gold pieces at shops.

Inventory:

Hand Weapons
 a - a +6 vorpal great sword (weapon)
 p - a +3 great sword of flaming
 M - a +4 antimagic long sword
 R - a +2 hunting sling of freezing
 S - the +7 great sword of Orb Guardian's Regret {vorpal, rC+ Str-3 Dex+10 SInv}
   (Trog gifted it to you on level 2 of the Orcish Mines)

   It inflicts extra damage upon your enemies.
   It affects your strength (-3).
   It affects your dexterity (+10).
   It protects you from cold.
   It lets you see invisible.
Armour
 q - a +4 chain mail
 w - the +1 chain mail of Autotheism {Int+3}
   (You took it off an orc on level 3 of the Dungeon)

   It affects your intelligence (+3).
 x - a +1 hat (worn)
 E - a +1 pair of boots (worn)
 I - a scarf of resistance (worn)
 O - a +2 pair of gloves of dexterity (worn)
 T - a +2 chain mail of poison resistance (worn)
Jewellery
 u - a +4 ring of evasion (left hand)
 y - an uncursed amulet of regeneration
 B - an uncursed ring of protection from fire
 D - a +6 ring of dexterity (right hand)
 N - an amulet of guardian spirit (around neck)
 U - an uncursed ring of resist corrosion
 W - an uncursed ring of stealth
 X - an uncursed amulet of reflection
Wands
 i - a wand of flame (78)
 H - a wand of iceblast (25)
 J - a wand of digging (5)
Scrolls
 b - 6 scrolls of magic mapping
 c - 12 scrolls of remove curse
 h - a scroll of brand weapon
 k - 8 scrolls of blinking
 l - 3 scrolls of fear
 n - 5 scrolls of enchant weapon
 r - 4 scrolls of enchant armour
 t - 9 scrolls of teleportation
 z - 11 scrolls of fog
 C - 2 scrolls of holy word {unknown}
 V - a scroll of torment {unknown}
Potions
 d - 3 potions of haste
 g - 12 potions of curing
 o - 5 potions of flight
 s - 3 potions of might
 A - 4 potions of invisibility
Miscellaneous
 e - a phantom mirror
 Z - a phial of floods


   Skills:
 + Level 21.0 Fighting
 - Level 20.0 Long Blades
 - Level 4.3 Maces & Flails
 - Level 15.2 Armour
 + Level 9.0 Dodging
 - Level 1.0 Stealth
 + Level 4.4 Shields
 * Level 6.2 Evocations


You had 15 spell levels left.
You didn't know any spells.
Your spell library was empty.

Dungeon Overview and Level Annotations

Branches:
Dungeon (15/15)            Temple (0/1) D:6            Lair (6/6) D:9
 Shoals (0/4) Lair:3       Spider (1/4) Lair:2        Slime (0/5) Lair:6
    Orc (2/2) D:12            Elf (0/3) Orc:2        Vaults (0/5) D:13
 Depths (0/5) D:15

Altars:
Ashenzari
Cheibriados
Dithmenos
Elyvilon
Fedhas
Gozag
Nemelex Xobeh
Okawaru
Qazlal
Sif Muna
Trog
Uskayaw
Wu Jian
Xom
Yredelemnul
Zin
The Shining One
Beogh

Shops:
D:4 ?   D:6 [   D:7 (   D:10 *   D:11 =   D:13 *   Orc:1 *   Orc:2 :[(*


Innate Abilities, Weirdness & Mutations

You reflexively headbutt those who attack you in melee.
You have a pair of horns on your head.


Message History

Trog accepts your kill.
The orb spider pulsates with a strange energy.
The orb of destruction hits you!!
The orb spider spins a strand of pure energy.
The orb spider pulsates with a strange energy.
The orb spider spins a strand of pure energy.
The orb spider weaves a glowing orb of energy.
The wavering orb of destruction weakly hits the orb spider!!
The orb spider weaves a glowing orb of energy.
An orb of destruction comes into view.
The orb of destruction hits you!!
The orb spider begins to weave its threads into a brightly glowing ball.
The orb spider weaves a glowing orb of energy.
An orb of destruction comes into view.
The wavering orb of destruction hits you!!
* * * LOW HITPOINT WARNING * * *
The orb spider weaves a glowing orb of energy. x2 2 orbs of destruction come into view.
The orb of destruction hits you!!!
You die...

......#...#....
..... .........
.....#.......^.
#.#..[.......#..
......#.........
#^.........#....
...#s○....s....^
....s.☼@......#.#
......°....#......
.......°○..........
........*.........?
........○†.........
......#.s.#........
...................
..................^
...................


You could see 4 orb spiders.

Vanquished Creatures
  Gastronok (D:10)
  Aizul (Lair:2)
  An orc warlord (Orc:2)
  2 dire elephants
  An entropy weaver (Lair:2)
  The ghost of Xye the Cleaver, a journeyman MiBe of Trog (Lair:3)
  The ghost of pheathergobbo575 the Unseen, a journeyman KoGl of Dithmenos (Lair:6)
  Josephine (D:11)
  A fire dragon (Lair:6)
  3 vault guards (D:13)
  A boulder beetle (Lair:5)
  Harold (Orc:1)
  Erolcha (D:9)
  14 hydras
  A catoblepas (Lair:6)
  3 centaur warriors
  7 two-headed ogres
  8 death yaks
  A death knight (D:13)
  An ogre mage (D:15)
  A tengu warrior (D:13)
  4 orc high priests (Orc:2)
  Sonja (Lair:2)
  A skeletal warrior (D:14)
  A wizard (D:13)
  A swamp dragon (Lair:6)
  9 wolf spiders
  2 phantasmal warriors (D:14)
  3 orb spiders (Spider:1)
  2 necromancers (D:13)
  3 orc knights
  7 orc sorcerers
  Maurice (D:9)
  3 manticores (D:15)
  2 deep elf magi
  3 ugly things
  A centaur zombie (D:11)
  12 elephants (Lair:6)
  A salamander (shapeshifter) (D:13)
  6 cyclopes
  6 black mambas
  A guardian serpent (shapeshifter) (D:13)
  A merfolk siren (Lair:3)
  The ghost of DearestLeader the Covert, a novice SpEn of Dithmenos (D:7)
  14 cane toads
  5 demonic crawlers
  3 kobold demonologists
  3 rime drakes
  The ghost of DearestLeader the Frost Mage, a novice MfIE (D:5)
  A freezing wraith (D:14)
  8 komodo dragons
  A komodo dragon (shapeshifter) (D:13)
  12 polar bears
  2 trolls
  A tengu conjurer (D:13)
  7 jumping spiders
  Grinder (D:4)
  A queen bee (Lair:2)
  12 slime creatures
  2 raiju (Lair:6)
  A hornet (Lair:2)
  7 blink frogs
  22 redbacks
  4 shadows
  5 wyverns
  4 tarantellas
  2 spriggans
  36 yaks
  4 wraiths
  5 basilisks
  18 humans (D:13)
  3 steam dragons
  5 vampire mosquitoes
  7 wargs
  13 hell hounds (Lair:6)
  3 acid dragons (Lair:6)
  9 water moccasins
  15 black bears
  2 eyes of draining
  33 orc warriors
  8 sky beasts
  The ghost of Almogavar the Grasshopper, an amateur GnWn (D:3)
  7 necrophages
  4 boggarts (D:14)
  3 phantoms
  2 ice beasts
  9 ogres
  29 wolves
  16 centaurs
  2 big kobolds (D:13)
  24 bullfrogs
  2 gnoll sergeants
  2 wyvern skeletons (D:14)
  9 scorpions
  33 killer bees
  10 wights
  7 howler monkeys
  2 bullfrog zombies
  12 orc priests
  4 quasits
  A gnoll shaman (D:6)
  13 hounds
  2 jellies (Lair:6)
  21 orc wizards
  6 centaur skeletons
  4 bullfrog skeletons
  3 iguanas
  13 hell rats
  9 worker ants
  2 hound skeletons
  2 worker ant zombies
  14 gnolls
  12 adders
  A white imp (D:5)
  2 ufetubi
  2 oozes
  An adder skeleton (D:9)
  4 worms
  4 leopard geckos
  86 orcs
  9 giant cockroaches
  6 hobgoblins
  9 jackals
  11 kobolds
  4 quokkas
  A ball python (D:3)
  A ball python skeleton (D:4)
  4 bats
  2 frilled lizards
  11 goblins
  3 leopard gecko skeletons
  7 rats
  A butterfly (D:7)
853 creatures vanquished.

Vanquished Creatures (collateral kills)
  An orc warrior (Orc:2)
1 creature vanquished.

Vanquished Creatures (others)
  A hydra (D:13)
  A necromancer (D:13)
  A rime drake (Lair:6)
  A redback (Spider:1)
  A boggart (D:14)
  A bush (Lair:1)
  39 fungi
  52 plants
97 creatures vanquished.

Grand Total: 951 creatures vanquished

Notes
Turn   | Place    | Note
-------+----------+-------------------------------------------
     0 | D:1      | Almogavar the Minotaur Berserker began the quest for the
                  | Orb.
     0 | D:1      | Reached XP level 1. HP: 19/19 MP: 0/0
   604 | D:1      | Reached XP level 2. HP: 26/27 MP: 1/1
   908 | D:1      | Reached skill level 4 in Fighting
  1192 | D:2      | Reached XP level 3. HP: 31/33 MP: 2/2
  1613 | D:2      | Found a broken altar of Ashenzari.
  1733 | D:2      | Found a sparkling altar of Nemelex Xobeh.
  1764 | D:2      | Found a shimmering blue altar of Sif Muna.
  1987 | D:3      | Reached ** piety under Trog
  1988 | D:3      | Reached skill level 5 in Long Blades
  2019 | D:3      | Found a basalt altar of Yredelemnul.
  2086 | D:3      | Reached XP level 4. HP: 41/41 MP: 3/3
  2519 | D:3      | Identified the +8 short sword of Chagrin {pain, rF+ Str+6}
  2519 | D:3      | Identified the +1 chain mail of Autotheism {Int+3}
  2520 | D:3      | Found a runed translucent gate.
  2520 | D:3      | Noticed Almogavar's ghost (amateur GnWn)
  2541 | D:3      | Found a runed translucent gate.
  2541 | D:3      | Found a runed translucent gate.
  2548 | D:3      | Found a roughly hewn altar of Beogh.
  2857 | D:3      | Killed Almogavar's ghost
  2858 | D:3      | Reached XP level 5. HP: 46/47 MP: 4/4
  3189 | D:4      | Reached XP level 6. HP: 49/53 MP: 5/5
  3212 | D:4      | Noticed Grinder
  3239 | D:4      | Killed Grinder
  3240 | D:4      | Reached skill level 5 in Fighting
  3240 | D:4      | Reached skill level 1 in Stealth
  3519 | D:4      | Reached skill level 5 in Armour
  3565 | D:4      | Reached XP level 7. HP: 61/61 MP: 6/6
  3920 | D:4      | Found Havoy's Magic Scroll Shop.
  3923 | D:4      | Bought a scroll of blinking for 75 gold pieces
  4130 | D:5      | Entered Level 5 of the Dungeon
  4235 | D:5      | Reached *** piety under Trog
  4489 | D:5      | Found a transporter.
  4539 | D:5      | Found a transporter.
  4599 | D:5      | Found a blossoming altar of Fedhas.
  4808 | D:5      | Found an opulent altar of Gozag.
  5196 | D:5      | Noticed DearestLeader's ghost (novice MfIE)
  5321 | D:5      | Killed DearestLeader's ghost
  5322 | D:5      | Reached XP level 8. HP: 70/70 MP: 7/7
  5592 | D:6      | Found a white marble altar of Elyvilon.
  5750 | D:6      | Reached skill level 6 in Fighting
  5751 | D:6      | Got a polished lajatang
  5752 | D:6      | Identified the cursed +3 lajatang "Xotsis" {flame, Str+3
                  | Int+6} (You found it on level 6 of the Dungeon)
  5963 | D:6      | Found a glowing silver altar of Zin.
  6004 | D:6      | Found a staircase to the Ecumenical Temple.
  6098 | D:6      | Reached skill level 10 in Long Blades
  6145 | D:6      | Found Odoet's Armour Shop.
  6362 | D:6      | Reached **** piety under Trog
  6594 | D:7      | Found a hide-covered altar of Uskayaw.
  6602 | D:7      | Reached XP level 9. HP: 78/78 MP: 8/8
  6647 | D:7      | Noticed DearestLeader's ghost (novice SpEn)
  6653 | D:7      | Found a transporter.
  6995 | D:7      | Found a runed translucent door.
  7015 | D:7      | Found a runed translucent door.
  7033 | D:7      | Reached skill level 7 in Fighting
  7106 | D:7      | Found a transporter.
  7168 | D:7      | Found Xiusibb's Antique Weapon Shop.
  7388 | D:7      | Found a snail-covered altar of Cheibriados.
  7389 | D:7      | Found an ornate altar of the Wu Jian Council.
  7390 | D:7      | Found a shadowy altar of Dithmenos.
  7681 | D:7      | Reached skill level 8 in Fighting
  7684 | D:7      | Killed DearestLeader's ghost
  7691 | D:7      | Reached XP level 10. HP: 88/88 MP: 9/9
  7814 | D:8      | Reached ***** piety under Trog
  7995 | D:8      | Received a gift from Trog
  8446 | D:8      | Found a shimmering altar of Xom.
  8447 | D:8      | Found a shimmering altar of Xom.
  8490 | D:8      | Noticed a two-headed ogre
  8497 | D:8      | Killed a two-headed ogre
  8498 | D:8      | Reached skill level 10 in Armour
  8819 | D:9      | Noticed Maurice
  8823 | D:9      | Reached skill level 9 in Fighting
  8890 | D:9      | Killed Maurice
  8915 | D:9      | Found a stormy altar of Qazlal.
  9024 | D:9      | Found a staircase to the Lair.
  9297 | D:9      | Noticed Erolcha
  9303 | D:9      | Killed Erolcha
  9522 | D:9      | Reached XP level 11. HP: 93/99 MP: 10/10
  9602 | D:9      | Found an iron altar of Okawaru.
  9784 | D:10     | Entered Level 10 of the Dungeon
  9785 | D:10     | Found Miwnucraulu's General Store.
  9788 | D:10     | Noticed Gastronok
  9804 | D:10     | Killed Gastronok
  9805 | D:10     | Reached skill level 10 in Fighting
 10142 | D:10     | Bought a potion of curing for 39 gold pieces
 10267 | D:10     | Found a bloodstained altar of Trog.
 10390 | D:11     | Noticed a two-headed ogre
 10390 | D:11     | Found Ciarches's Jewellery Boutique.
 10424 | D:11     | Killed a two-headed ogre
 10552 | D:11     | Reached skill level 5 in Dodging
 10860 | D:11     | Noticed a two-headed ogre
 10869 | D:11     | Killed a two-headed ogre
 10898 | D:11     | Noticed a purple ugly thing
 10916 | D:11     | Killed a purple ugly thing
 10917 | D:11     | Reached skill level 11 in Fighting
 11036 | D:11     | Reached skill level 15 in Long Blades
 11087 | D:11     | Noticed Josephine
 11104 | D:11     | Reached ****** piety under Trog
 11119 | D:11     | Killed Josephine
 11120 | D:11     | Reached XP level 12. HP: 61/110 MP: 11/11
 11129 | D:11     | Received a gift from Trog
 11836 | D:12     | Found a staircase to the Orcish Mines.
 11956 | D:12     | Noticed a two-headed ogre
 11962 | D:12     | Killed a two-headed ogre
 12696 | Lair:1   | Entered Level 1 of the Lair of Beasts
 12731 | Lair:1   | Noticed a five-headed hydra
 12907 | Orc:1    | Entered Level 1 of the Orcish Mines
 12907 | Orc:1    | Found Kayduef's Assorted Antiques.
 12946 | Orc:1    | Noticed Harold
 12955 | Orc:1    | Noticed a two-headed ogre
 12958 | Orc:1    | Killed Harold
 12962 | Orc:1    | Killed a two-headed ogre
 12963 | Orc:1    | Reached skill level 12 in Fighting
 13245 | Orc:1    | Paralysed by an orc sorcerer for 7 turns
 13330 | Orc:1    | You fall into a shaft and drop 1 floor!
 13330 | Orc:2    | Entered Level 2 of the Orcish Mines
 13330 | Orc:2    | Found Disagoiv's Antique Weapon Shoppe.
 13330 | Orc:2    | Found Nifoaciy's Antique Armour Boutique.
 13330 | Orc:2    | Noticed an orc high priest
 13341 | Orc:2    | Noticed an orc high priest
 13342 | Orc:2    | Found Diprik's Book Shoppe.
 13342 | Orc:2    | Noticed an orc high priest
 13350 | Orc:2    | Found a staircase to the Elven Halls.
 13523 | Orc:2    | Killed an orc high priest
 13558 | Orc:2    | Received a gift from Trog
 13565 | Orc:2    | Got a slimy great sword {god gift}
 13566 | Orc:2    | Identified the +7 great sword of Orb Guardian's Regret
                  | {vorpal, rC+ Str-3 Dex+10 SInv} (Trog gifted it to you on
                  | level 2 of the Orcish Mines)
 13689 | Orc:2    | Killed an orc high priest
 13690 | Orc:2    | Killed an orc high priest
 13695 | Orc:2    | Reached XP level 13. HP: 15/119 MP: 12/12
 14131 | Orc:2    | Noticed an orc warlord
 14296 | Orc:2    | HP: 3/119 [burnt (4)]
 14437 | Orc:2    | Paralysed by an orc sorcerer for 6 turns
 14491 | Orc:2    | Found Golupno's General Store.
 14549 | Orc:2    | Killed an orc warlord
 14550 | Orc:2    | Reached skill level 13 in Fighting
 14674 | Orc:2    | Bought a scroll of fog for 24 gold pieces
 15291 | D:13     | Found Niax's Assorted Antiques.
 15522 | D:13     | Received a gift from Trog
 15552 | D:13     | Reached skill level 1 in Maces & Flails
 15685 | D:13     | Found a gate to the Vaults.
 16148 | D:13     | Found a glowing golden altar of the Shining One.
 16796 | D:14     | Reached XP level 14. HP: 127/130 MP: 13/13
 16809 | D:14     | Received a gift from Trog
 17219 | D:14     | Reached skill level 14 in Fighting
 17866 | D:15     | Entered Level 15 of the Dungeon
 18568 | D:15     | Received a gift from Trog
 18891 | D:15     | Found a staircase to the Depths.
 20861 | Lair:2   | Reached skill level 15 in Armour
 20861 | Lair:2   | Reached skill level 1 in Evocations
 21109 | Lair:2   | Noticed Sonja
 21118 | Lair:2   | Killed Sonja
 21182 | Lair:2   | Received a gift from Trog
 21205 | Lair:2   | Identified a scroll of acquirement
 21207 | Lair:2   | Acquired a manual of Fighting
 21360 | Lair:2   | Reached skill level 15 in Fighting
 21432 | Lair:2   | Found a hole to the Spider Nest.
 21731 | Lair:3   | Found a staircase to the Shoals.
 21744 | Lair:3   | Reached XP level 15. HP: 141/141 MP: 14/14
 22080 | Lair:3   | Found a runed translucent door.
 22082 | Lair:3   | Noticed Xye's ghost (journeyman MiBe)
 22096 | Lair:3   | Killed Xye's ghost
 22391 | Lair:3   | Reached skill level 16 in Fighting
 23618 | Lair:5   | Reached skill level 17 in Fighting
 23955 | Lair:5   | Received a gift from Trog
 24450 | Lair:6   | Entered Level 6 of the Lair of Beasts
 24514 | Lair:6   | Reached skill level 18 in Fighting
 24527 | Lair:6   | Reached skill level 1 in Shields
 24595 | Lair:6   | Found a staircase to the Slime Pits.
 24863 | Lair:6   | Found a runed translucent door.
 24865 | Lair:6   | Noticed pheathergobbo575's ghost (journeyman KoGl)
 24955 | Lair:6   | Reached skill level 19 in Fighting
 24992 | Lair:6   | Reached skill level 5 in Evocations
 24996 | Lair:6   | Received a gift from Trog
 25758 | Lair:6   | Reached skill level 20 in Fighting
 26046 | Lair:6   | Reached XP level 16. HP: 152/162 MP: 15/15
 26479 | Lair:6   | Killed pheathergobbo575's ghost
 27066 | Spider:1 | Entered Level 1 of the Spider Nest
 27066 | Spider:1 | Noticed Aizul
 27079 | Lair:2   | Killed Aizul
 29074 | Spider:1 | Reached skill level 21 in Fighting
 29734 | Spider:1 | Blown up by an orb spider

Illustrated notes

Levels and vault maps discovered:
D:1:      nicolae_arrival_somewhat_less_tricky_arrival, layout_basic,
          kennysheep_nondescript
D:2:      layout_basic, general_overflow_altar, nicolae_ashenzari_panopticon,
          nemelex_xobeh_ov_fountains_minmay
D:3:      layout_loops_ring, nicolae_overflow_crystal_walls,
          biasface_ghost_orc_armoury, minmay_strange_pillars, minmay_box_of_dots
D:4:      layout_gridville, serial_shops, shop, uniq_grinder
D:5:      layout_layer_cave, grunt_gozag_breadcrumbs, fedhas_altar_fruit_tree,
          gammafunk_ghost_stat_death, minivault_19
D:6:      layout_gridville, elyvilon_altar_5, zin_academy,
          minmay_temple_entry_proselytizer, serial_shops, shop
D:7:      lemuel_insect_pit, layout_basic,
          chequers_temple_overflow_statue_of_worship, kennysheep_mini,
          nzn_ghost_randoct, serial_shops, nicolae_shop_trees, abandoned_shop
D:8:      layout_basic, xom_shifter_show, kennysheep_generic_room_10
D:9:      layout_loops_ring, lemuel_crystal_altar, okawaru_altar_gauntlet_db,
          lair_entry_dummy, uniq_maurice, uniq_erolcha
D:10:     layout_rooms, basic_altar, serial_shops, shop_statue, uniq_gastronok
D:11:     layout_roguey, serial_shops, shop, lightli_orcish_oven, uniq_josephine
D:12:     layout_cave_pods, orc_0_dummy
D:13:     layout_loops_ring, grunt_vaults_entry_tiered, serial_shops, shop,
          grunt_decor_arrowhead, nicolae_tso_swordbearing_angel
D:14:     layout_rooms, hangedman_decor_slide_cut
D:15:     hangedman_depths_entry_try_elsewhere_first, layout_loops_ring
Lair:1:   layout_concentric_octagons, grunt_forest_large_clearing_hut
Lair:2:   layout_concentric_octagons, spider_nest_entry_funnel_web, special_room
          [special_room_bee], st_stairs_11, roderic_carrion_pond, uniq_sonja
Lair:3:   layout_roguey, minmay_shoals_entry_lonely_mermaid,
          ebering_ghost_inner_flame, serial_bayou_shore_a,
          infiniplex_staircase_pool
Lair:4:   wander_river, layout_hall_layers
Lair:5:   layout_big_grid, grunt_forest_stairs_clearing,
          infiniplex_staircase_pool_2
Lair:6:   guppyfry_lair_end_dragon, layout_regular_city,
          hangedman_lair_caniforms_friends, minmay_slime_entry_pillars,
          ebering_ghost_inner_flame, serial_bayou_pond_d
Spider:1: layout_spider_delve, uniq_aizul
Orc:1:    layout_diamond_mine, serial_shops, shop, uniq_harold
Orc:2:    grunt_orc_gardens, layout_diamond_mine, grunt_orc_garden,
          grunt_orc_garden, grunt_orc_garden, grunt_orc_garden, special_room

Skill      XL: |  1  2  3  4  5  6  7  8  9 10 11 12 13 14 15 16 |
---------------+-------------------------------------------------+-----
Long Blades    | 4 5 6 7 8 10 12 13 15 17 18 20 | 20.0
Fighting       | 4 5 6 8 9 11 12 13 15 20 21 | 21.0
Armour         | 3 4 5 6 7 9 10 12 13 14 15 | 15.2
Dodging        | 3 4 5 6 7 8 9 |  9.0
Stealth        | 1 |  1.0
Maces & Flails | 2 4 |  4.3
Evocations     | 2 5 6 |  6.2
Shields        | 3 4 |  4.4

Action                   |  1- 3 |  4- 6 |  7- 9 | 10-12 | 13-15 | 16-18 || total
-------------------------+-------+-------+-------+-------+-------+-------++-------
Melee: Falchion          |    58 |    75 |   316 |   441 |       |       ||   890
       Headbutt          |     5 |    21 |    84 |   191 |   299 |    46 ||   646
       Triple sword      |       |       |       |   171 |   353 |       ||   524
       Dire flail        |       |       |       |       |    43 |       ||    43
       Great sword       |       |       |       |       |   546 |    86 ||   632
       Long sword        |       |       |       |       |     3 |       ||     3
Invok: Trog's Hand       |       |     2 |     2 |     1 |     1 |       ||     6
       Berserk           |       |     1 |     3 |    11 |     6 |     1 ||    22
       Brothers in Arms  |       |       |       |     1 |       |       ||     1
Evoke: Wand              |       |       |       |       |       |     5 ||     5
  Use: Scroll            |     4 |     1 |     4 |     7 |    13 |     2 ||    31
       Potion            |       |       |       |       |     2 |     7 ||     9
 Stab: Confused          |       |       |       |       |     1 |       ||     1
       Petrified         |       |       |       |       |     2 |       ||     2
Armor: Scale mail        |    18 |    14 |       |       |       |       ||    32
       Chain mail        |       |    19 |   109 |   173 |   435 |   144 ||   880
Dodge: Dodged            |    34 |    45 |   196 |   327 |   776 |   339 ||  1717
Block: Other             |       |       |       |       |    74 |     3 ||    77
       Rpst.: Falchion   |     8 |    12 |    56 |    42 |       |       ||   118
       Triple sword      |       |       |       |    33 |    52 |       ||    85
       Great sword       |       |       |       |       |    95 |    54 ||   149
